Description

This build order is really strong against most of standard playstyle. You open with a 2 Gates with a fast robo.

Details are in the VOD.

VOD

https://youtu.be/jBBFgirGt60

Replay - OneAutumLeaf v TcUltimate - Simulacre EC

Build Order

Get SALT Encoding   

  12  0:00  Probe  
  13  0:12  Probe  
  14  0:17  Pylon  
  14  0:24  Probe (Chrono Boost)  
  15  0:36  Probe (Chrono Boost)  
  15  0:37  Gateway  
  16  0:44  Probe (Chrono Boost)  
  16  0:47  Assimilator  
  17  0:51  Probe  
  17  0:55  Assimilator  
  18  1:03  Probe (Chrono Boost)  
  19  1:08  Gateway  
  19  1:12  Probe x2 (Chrono Boost)  
  20  1:25  Cybernetics Core  
  21  1:29  Probe  
  22  1:35  Pylon  
  24  2:02  Stalker  
  24  2:03  Sentry, Warp Gate  
  28  2:17  Pylon  
  28  2:29  Stalker  
  30  2:36  Sentry  
  32  2:45  Robotics Facility  
  32  2:55  Nexus  
  32  3:04  Sentry  
  34  3:09  Pylon  
  34  3:12  Stalker  
  37  3:29  Immortal (Chrono Boost)  
  41  3:52  Sentry  
  43  3:58  Warp Prism (Chrono Boost), Stalker  
  49  4:21  Stalker x2  
  54  4:33  Pylon  
  54  4:37  Observer  
  57  4:48  Stalker x2  
  61  5:21  Stalker x2  
Spawning Tool Build Advisor. Get it on Overwolf

Go to:

Details

  • Created by: zuka      
  • Published on: Feb 09, 2020
  • Patch: 4.11.0
Show
View Real Time Build Order
Export as new Build Order

Comments (3)

On April 20, 2021, 8:33 p.m., PashkaTLT  said:

2:45 is not a fast Robo though. Fast Robo is before the first units (2:00) or after the first 2 units (2:11 - 2:15).

On May 7, 2020, 5:36 p.m., anzoimpact  said:

this video and this build has no relation between one another

On March 2, 2020, 9:03 a.m., kini767  said:

necesito ayudas sc2 1vs1 pierdo mucha partidas ya estoy aburrido no se que hacer segir jugando o dejarlo ayudarme

Create an account to comment!